 Dungeon Crawl Stone Soup version 0.22-a0-750-ga7dcef7 (webtiles) character file.

112 Amnesiac the Digger (level 4, 0/45 HPs)
             Began as a Demonspawn Earth Elementalist on July 16, 2018.
             Succumbed to a worker ant's poison
             ... on level 4 of the Dungeon.
             The game lasted 00:03:27 (1449 turns).

Amnesiac the Digger (Demonspawn Earth Elementalist) Turns: 1449, Time: 00:03:28

Health: 0/45       AC: 23    Str:  8    XL:     4   Next: 63%
Magic:  4/9        EV:  2    Int: 23    God:
Gold:   90         SH:  0    Dex: 18    Spells: 7/10 levels left

rFire    . . .     SeeInvis .   n - +0 dagger
rCold    . . .     Gourm    .   (no shield)
rNeg     + + +     Faith    .   (armour currently unavailable)
rPois    +         Spirit   .   (helmet currently unavailable)
rElec    .         Reflect  .   (cloak currently unavailable)
rCorr    .         Harm     .   (gloves currently unavailable)
MR       .....     NoTele   +   (boots currently unavailable)
Stlth    ++++......             (no amulet)
HPRegen  0.15/turn              f - +1 ring of protection
MPRegen  0.11/turn              (no ring)

@: brilliant, agile, lethally poisoned (0 -> -4), tree-form, hasted, very quick
A: nightstalker 1
a: no special abilities


You were on level 4 of the Dungeon.
You were not hungry.
You were a tree.
You visited 1 branch of the dungeon, and saw 4 of its levels.

You collected 90 gold pieces.

Inventory:

Hand Weapons
 n - a +0 dagger (weapon)
Missiles
 b - 26 stones (quivered)
Armour
 c - a +0 robe (melded)
Jewellery
 f - a +1 ring of protection (left branch)
 o - an uncursed ring of resist corrosion {unknown}
Scrolls
 e - 3 scrolls of teleportation {!r, unknown}
 g - 7 scrolls of identify {!r, unknown}
 h - 2 scrolls of enchant armour {!r, unknown}
 j - 3 scrolls of remove curse {!r, unknown}
 l - a scroll of enchant weapon {!r, unknown}
Potions
 k - a potion of lignification {!q}
Comestibles
 a - a chunk of flesh
 d - 5 rations


   Skills:
 - Level 1.7 Dodging
 - Level 1.7 Stealth
 + Level 3.7 Spellcasting
 - Level 1.0 Transmutations
 + Level 3.7 Earth Magic


You had 7 spell levels left.
You knew the following spells:

 Your Spells              Type           Power        Failure   Level  Hunger
a - Sandblast             Erth           #####.       1%          1    None
b - Passwall              Tmut/Erth      ####....     1%          2    #......

Your spell library contained the following spells:

 Spells                   Type           Power        Failure   Level  Hunger
 Stone Arrow              Conj/Erth      ####..       1%          3    ###....
 Lee's Rapid Deconstruct  Erth           #####.....   8%          5    ######.
 Petrify                  Tmut/Erth      ####....     4%          4    ####...


Dungeon Overview and Level Annotations

Branches:
Dungeon (4/15)
 Temple: D:4-7

Altars:
The Shining One


Innate Abilities, Weirdness & Mutations

((You are partially covered in yellow scales. (AC +2)))
You are slightly more attuned to the shadows.


Message History

Confirm with . or Enter, or press ? or * to list all spells.
Aiming: Sandblast (safe; 3% risk of failure)
Press: ? - help, Shift-Dir - straight line, f - leopard gecko
Aim: a leopard gecko (clinging)
The blast of sand hits the leopard gecko.
You kill the leopard gecko!
b - 30 stones
Casting: Sandblast (safe; 3% risk of failure)
Confirm with . or Enter, or press ? or * to list all spells.
Aiming: Sandblast (safe; 3% risk of failure)
Press: ? - help, Shift-Dir - straight line, f - worker ant
Aim: a worker ant The blast of sand hits the worker ant.
The worker ant is heavily wounded.
b - 29 stones The worker ant bites you.
* * * LOW HITPOINT WARNING * * *
Casting: Sandblast (safe; 3% risk of failure)
Confirm with . or Enter, or press ? or * to list all spells.
Aiming: Sandblast (safe; 3% risk of failure)
Press: ? - help, Shift-Dir - straight line, f/p - worker ant
Aim: a worker ant (heavily wounded)
The blast of sand hits the worker ant.
The worker ant is heavily wounded.
b - 28 stones The worker ant bites you.
* * * LOW HITPOINT WARNING * * *
You are lethally poisoned!
The worker ant poisons you!
The worker ant bites you but does no damage.
Casting: Sandblast (safe; 3% risk of failure)
Confirm with . or Enter, or press ? or * to list all spells.
Aiming: Sandblast (safe; 3% risk of failure)
Press: ? - help, Shift-Dir - straight line, f/p - worker ant
Aim: a worker ant (heavily wounded)
The blast of sand hits the worker ant.
You kill the worker ant!
b - 27 stones
* * * LOW HITPOINT WARNING * * *
You feel sick.
Casting: Sandblast (safe; 3% risk of failure)
Confirm with . or Enter, or press ? or * to list all spells.
Aiming: Sandblast (safe; 3% risk of failure)
Press: ? - help, Shift-Dir - straight line, f - jackal skeleton
Aim: a jackal skeleton The blast of sand hits the jackal skeleton.
You destroy the jackal skeleton!
b - 26 stones
* * * LOW HITPOINT WARNING * * *
You feel sick.
Really quaff
k - 2 lumpy puce potions {!q}?
It was a potion of lignification {!q}.
You turn into a tree.
Your roots penetrate the ground.
Really quaff
i - a brown potion {!q}?
It was a potion of haste {!q}.
You feel yourself speed up.
* * * LOW HITPOINT WARNING * * *
You feel sick.
Really quaff
m - a pink potion {!q}?
It was a potion of agility {!q}.
You feel agile all of a sudden.
Really quaff
p - a lumpy yellow potion {!q}?
It was a potion of brilliance {!q}.
You feel clever all of a sudden.
You die...

##.#.##.#.....#.#.##.#
#.#.##......##......#
#...##.###..####.####
#..###.#....# #.#
#......#.##.####.#
##)###......<.##.#
#.###......#.##.#
#)##.......#.##.#
#............†♣.#
######.......####
##.#.##.# #....Z.#
##..a### #...# #...#
.# #...########...
#####..a...........


There were no monsters in sight!

Vanquished Creatures
  An orc wizard (D:4)
  A worker ant (D:4)
  2 adders
  A worm (D:2)
  2 leopard geckos
  3 orcs
  3 giant cockroaches
  2 goblins
  2 hobgoblins
  2 quokkas (D:2)
  6 bats
  5 frilled lizards
  A jackal skeleton (D:4)
  2 kobolds
  4 rats
37 creatures vanquished.

Notes
Turn   | Place    | Note
-------+----------+-------------------------------------------
     0 | D:1      | Amnesiac the Demonspawn Earth Elementalist began the quest for the Orb.
     0 | D:1      | Reached XP level 1. HP: 13/13 MP: 3/3
   449 | D:1      | Gained mutation: You are slightly more attuned to the shadows. [demonic ancestry]
   449 | D:1      | Reached XP level 2. HP: 15/19 MP: 0/5
  1011 | D:2      | Reached XP level 3. HP: 24/24 MP: 7/7
  1075 | D:3      | Found a glowing golden altar of the Shining One.
  1092 | D:3      | Learned a level 2 spell: Passwall
  1206 | D:3      | Reached skill level 1 in Transmutations
  1350 | D:4      | Gained mutation: You are partially covered in yellow scales. (AC +2) [demonic ancestry]
  1350 | D:4      | Reached XP level 4. HP: 19/30 MP: 1/9
  1445 | D:4      | HP: 1/30 [poisoned by a worker ant]
  1449 | D:4      | Succumbed to a worker ant's poison

Vault maps used:
D:1:      saegor_arrival_simple_e
D:2:      kennysheep_big_flooded_room, lemuel_coloured_pillars_altar,
          minivault_4, minmay_tromino_mix6, uniq_jessica
D:3:      old_standard_altar, ashenzari_conservatory_becter, led_xom_imps,
          nrook_uturn
D:4:      first_ration, fedhas_altar_3, uniq_eustachio

Skill      XL: |  1  2  3 |
---------------+----------+-----
Spellcasting   | 3 |  3.7
Earth Magic    | 3 |  3.7
Transmutations | 1 |  1.0
Dodging        | |  1.7
Stealth        | |  1.7

Action                   |  1- 3 |  4- 6 || total
-------------------------+-------+-------++-------
Melee: Unarmed           |    38 |       ||    38
       Dagger            |    64 |    13 ||    77
 Cast: Sandblast         |    26 |     6 ||    32
       Passwall          |     3 |       ||     3
  Use: Potion            |       |     4 ||     4
 Stab: Sleeping          |     6 |       ||     6
  Eat: Chunk             |     2 |       ||     2
Armor: Robe              |    36 |     8 ||    44
Dodge: Dodged            |    63 |     8 ||    71

Table legend:
 A = Spawn XP
 B = Non-spawn XP
 C = Spawn XP percentage of total XP
 D = Spawn monster count
 E = Non-spawn monster count
 F = Spawn count percentage of total count
 G = Total turns spent on level
                    A         B        C        D         E        F      G
               +---------+---------+-------+---------+---------+-------+---------
         Total |       0 |     160 |   0.0 |       0 |      37 |   0.0 |  1449
               +---------+---------+-------+---------+---------+-------+---------
           D:1 |       0 |      16 |   0.0 |       0 |      12 |   0.0 |   544
           D:2 |       0 |      37 |   0.0 |       0 |      14 |   0.0 |   541
           D:3 |       0 |       5 |   0.0 |       0 |       2 |   0.0 |   108
           D:4 |       0 |     102 |   0.0 |       0 |       9 |   0.0 |   256
               +---------+---------+-------+---------+---------+-------+---------
